Map: 2000 Atmosphären LE

Players

K.I.-1 (Sehr leicht) - Winner!

  • Race: Terran Terran

Luca

  • Race: Terran Terran
  • League: Master

VOD

Have the link to the VOD?

Description

Time

  • Played on: March 15, 2022, 4:39 a.m.
  • Length: 2:40
Show
View Real Time Build Order
Export as new Build Order

K.I.-1 (Sehr leicht) Terran - Winner!

Build Orders:  

Get SALT Encoding   

  12  0:00  SCV  
  13  0:13  SCV  
  14  0:18  Supply Depot  
  14  0:37  Refinery  
  14  0:42  Barracks  
  14  1:02  Supply Depot  
  14  1:11  Refinery  
  14  1:28  SCV  
  14  1:29  Marine  
  16  1:41  SCV  
  17  1:53  SCV  
  18  2:05  SCV  
  18  2:06  Marine  
  20  2:17  SCV  
Show
View Real Time Build Order
Export as new Build Order

Luca Terran 

Build Orders:  

Get SALT Encoding   

  12  0:00  SCV  
  13  0:13  SCV  
  14  0:18  Supply Depot  
  14  0:25  SCV  
  15  0:41  Barracks  
  15  0:50  Barracks  
  15  0:57  Refinery  
  15  1:00  SCV  
  16  1:12  SCV  
  17  1:28  Orbital Command  
  17  1:29  Marine  
  18  1:37  Barracks Tech Lab  
  18  1:46  Marine  
  19  1:54  SCV  
  20  1:56  Marauder  
  22  2:04  Marine  
  22  2:05  Supply Depot  
Tags
 
Add a new tag
Caveats
  • Supply blocks, unpowered buildings, or Contaminate may cause inaccurate times.
  • Supply counts are checked every 10 seconds.